 Dungeon Crawl Stone Soup version 0.29.1-2-gbd0b4ee654 (webtiles) character file.

Game seed: 2654039331110808968

58 Avanven the Shooter (level 3, 0/27 HPs)
             Began as a Demigod Arcane Marksman on Nov 4, 2022.
             Slain by Natasha (7 damage)
             ... on level 3 of the Dungeon.
             The game lasted 00:03:13 (2148 turns).

Avanven the Shooter (Demigod Arcane Marksman)       Turns: 2148, Time: 00:03:13

Health: 0/27       AC:  3    Str: 11    XL:     3   Next: 52%
Magic:  4/6        EV: 12    Int: 15    God:
Gold:   83         SH:  0    Dex: 18    Spells: 3/4 levels left

rFire   . . .      SeeInvis .   a - +1 sling
rCold   . . .      Faith    .   (no shield)
rNeg    . . .      Spirit   .   c - +1 robe
rPois   .          Reflect  .   (no helmet)
rElec   .          Harm     .   (no cloak)
rCorr   .          Rampage  .   (no gloves)
Will    .....                   (no boots)
Stlth   ++........              (no amulet)
HPRegen 0.09/turn               (no ring)
MPRegen 0.10/turn               (no ring)

@: no status effects
A: high MP 1, forlorn, divine attributes
a: no special abilities


You were on level 3 of the Dungeon.
You visited 1 branch of the dungeon, and saw 3 of its levels.

You collected 83 gold pieces.

Inventory:

Hand Weapons
 a - a +1 sling (weapon)
Armour
 c - a +1 robe (worn)
Jewellery
 h - a ring of ice
Scrolls
 j - a scroll of teleportation
Potions
 d - 3 potions of curing {unknown}
 i - a potion of ambrosia {unknown}
 k - 2 potions of heal wounds {unknown}
 l - a potion of attraction {unknown}


   Skills:
 - Level 0.8 Fighting
 + Level 3.8 Ranged Weapons
 - Level 1.7 Dodging
 - Level 1.0 Spellcasting
 - Level 2.6 Hexes


You had 3 spell levels left.
You knew the following spells:

 Your Spells              Type           Power      Damage    Failure   Level
a - Slow                  Hex            32%        N/A       9%          1

Your spell library contained the following spells:

 Spells                   Type           Power      Damage    Failure   Level
 Ensorcelled Hibernation  Hex/Ice        8%         N/A       22%         2
 Shock                    Conj/Air       0%         1d3       24%         1
 Passwall                 Tmut/Erth      0%         N/A       36%         2
 Inner Flame              Hex/Fire       4%         N/A       38%         3
 Portal Projectile        Hex/Tloc       8%         N/A       38%         3
 Swiftness                Air            0%         N/A       58%         3
 Cause Fear               Hex            4%         N/A       63%         4
 Airstrike                Air            0%         2d(0-16)  94%         4


Dungeon Overview and Level Annotations

Branches:
Dungeon (3/15)

Annotations:
D:3 Natasha


Innate Abilities, Weirdness & Mutations

You have an increased reservoir of magic. (+10% MP)
You shall have no god before yourself.
Your divine heritage dramatically boosts your attributes as you level up.


Message History

You shoot a sling bullet.
The sling bullet closely misses the orc priest.
You shoot a sling bullet.
The sling bullet completely misses the orc priest.
You hear an angry hiss.
The orc priest hits you with a +0 club.
You shoot a sling bullet.
The sling bullet closely misses the orc priest.
The orc priest hits you with a +0 club.
Natasha, Servant of Life and Death comes into view.
Natasha moves out of view.
You are too injured to fight recklessly!
Casting: Slow (safe; 9% risk of failure)
Confirm with . or Enter, or press ? or * to list all spells.
Aiming: Slow (safe; 9% risk of failure)
Press: ? - help, Shift-Dir - straight line, f/p - orc priest
Aim: an orc priest, wielding a +0 club (moderately wounded, chance to affect: 46%)
The orc priest resists with some effort.
The orc priest looks encouraged for a moment.
Casting: Slow (safe; 9% risk of failure)
Confirm with . or Enter, or press ? or * to list all spells.
Aiming: Slow (safe; 9% risk of failure)
Press: ? - help, Shift-Dir - straight line, f/p - orc priest
Aim: an orc priest, wielding a +0 club (moderately wounded, chance to affect: 46%)
The orc priest seems to slow down.
The orc priest looks satisfied for a moment.
Casting: Slow (safe; 9% risk of failure)
Confirm with . or Enter, or press ? or * to list all spells.
Aiming: Slow (safe; 9% risk of failure)
Press: ? - help, Shift-Dir - straight line, f/p - orc priest
Aim: an orc priest, wielding a +0 club (lightly wounded, slow, chance to affect: 46%) Natasha resists with some effort.
Natasha claws you but does no damage. Natasha attacks as you move away!
Natasha closely misses you. Natasha casts a spell at you.
The magic dart hits you.
* * * LOW HITPOINT WARNING * * *
The orc priest is no longer moving slowly.
There is a stone staircase leading up here.
Natasha claws you!
You die...

### #.. #.#
#.###### #.##...
#.# ..# #
########.###.#.#
##.........oh@..#
.........########
................
.!.....o.#######
...............
.........###...
...........+ .
..#####.####
.......)...[...


You could see an orc priest and Natasha.

Vanquished Creatures
  An adder (D:2)
  2 worms (D:2)
  A dart slug (D:2)
  2 orcs (D:3)
  5 endoplasms
  4 hobgoblins
  2 kobolds (D:1)
  5 ball pythons
  4 bats
  7 frilled lizards
  2 goblins
  7 rats
42 creatures vanquished.

Notes
Turn   | Place    | Note
-------+----------+-------------------------------------------
     0 | D:1      | Avanven the Demigod Arcane Marksman began the quest for the
                  | Orb.
     0 | D:1      | Reached XP level 1. HP: 15/15 MP: 4/4
    78 | D:1      | Reached skill level 2 in Ranged Weapons
   280 | D:1      | Reached XP level 2. HP: 22/22 MP: 5/5
   895 | D:2      | Reached skill level 3 in Ranged Weapons
  1208 | D:2      | Reached XP level 3. HP: 27/27 MP: 6/6
  2134 | D:3      | Noticed Natasha
  2148 | D:3      | Slain by Natasha

Illustrated notes

Levels and vault maps discovered:
D:1:      eino_arrival_cavern_d, layout_loops_cross
D:2:      layout_basic
D:3:      layout_basic, mainiacjoe_overflow_chevrons, lemuel_crystal_altar,
          chequers_ecumenical_altar_simple_redux, uniq_grinder, uniq_pargi,
          uniq_natasha

Skill      XL: |  1  2 |
---------------+-------+-----
Ranged Weapons | 2 3 |  3.8
Fighting       | |  0.8
Dodging        | |  1.7
Spellcasting   | |  1.0
Hexes          | |  2.6

Action                   || total
-------------------------++-------
 Fire: Sling             ||   147
 Cast: Slow              ||     8
  Use: Scroll            ||     6
Armor: Robe              ||     7
Dodge: Dodged            ||    31
